 Dungeon Crawl Stone Soup version 0.30.0-29-ga12c61a403 (webtiles) character file.

Game seed: 10322832538857028651

1693 ChadusMaximus the Summoner (level 9, -5/57 HPs)
             Began as a Human Summoner on June 8, 2023.
             Was an Initiate of Sif Muna.
             Shot with an arrow by a centaur (9 damage)
             ... on level 7 of the Dungeon.
             The game lasted 00:16:08 (7807 turns).

ChadusMaximus the Summoner (Human Summoner)         Turns: 7807, Time: 00:16:09

Health: -5/57      AC:  7    Str: 14 (15) XL:     9   Next: 22%
Magic:  4/18       EV: 12    Int: 19 (20) God:    Sif Muna [......]
Gold:   368        SH:  5    Dex: 11 (13) Spells: 7/20 levels left

rFire   . . .        y - +0 mace (protect)
rCold   . . .        (no shield)
rNeg    . . .        a - +0 robe
rPois   .            (no helmet)
rElec   .            F - +0 cloak
rCorr   .            (no gloves)
SInv    .            (no boots)
Will    .....        c - amulet of reflection
Stlth   ++           e - +4 ring of protection
HPRegen 0.29/turn    n - +6 ring of strength
MPRegen 0.16/turn

%: reflection
@: about to teleport, unable to read
A: talons 1, mutation resistance 1, inability to read after injury 1
a: Renounce Religion


You were on level 7 of the Dungeon.
You worshipped Sif Muna.
Sif Muna was noncommittal.
You visited 2 branches of the dungeon, and saw 8 of its levels.

You collected 368 gold pieces.

Inventory:

Hand Weapons
 d - a +1 dagger of venom
 y - a +0 mace of protection (weapon)
Missiles
 E - 4 javelins
 G - 3 boomerangs
Armour
 a - a +0 robe (worn)
 F - a +0 cloak (worn)
Jewellery
 c - an amulet of reflection (around neck)
 e - a +4 ring of protection (left hand)
 n - a +6 ring of strength (right hand)
 s - a ring of poison resistance
 u - a ring of protection from fire
Wands
 w - a wand of charming (19)
 z - a wand of polymorph (8)
Scrolls
 h - a scroll of fog {unknown}
 j - 3 scrolls of identify
 k - a scroll of blinking {unknown}
 q - 3 scrolls of poison {unknown}
 r - a scroll of magic mapping {unknown}
 v - a scroll of fear {unknown}
 x - 2 scrolls of enchant weapon {unknown}
 A - a scroll of enchant armour {unknown}
 D - a scroll of immolation {unknown}
Potions
 b - a potion of resistance
 f - 2 potions of lignification
 g - a potion of degeneration
 i - a potion of haste
 l - a potion of ambrosia {unknown}
 m - 2 potions of curing {unknown}
 o - a potion of berserk rage {unknown}
 t - 2 potions of attraction
 B - 2 potions of heal wounds {unknown}
 C - a potion of mutation


   Skills:
 - Level 2.3 Dodging
 - Level 2.3 Stealth
 + Level 6.1 Spellcasting
 * Level 9.9 Summonings


You had 7 spell levels left.
You knew the following spells:

 Your Spells              Type           Power      Damage    Failure   Level
a - Summon Small Mammal   Summ           100%       N/A       1%          1
b - Call Imp              Summ           86%        N/A       1%          2
c - Call Canine Familiar  Summ           43%        N/A       1%          3
d - Summon Lightning Spi  Summ/Air       24%        N/A       14%         4
e - Summon Guardian Gole  Hex/Summ       24%        N/A       4%          3

Your spell library contained the following spells:

 Spells                   Type           Power      Damage    Failure   Level
 Sandblast                Erth           10%        2d5       11%         1
 Passwall                 Tmut/Erth      4%         N/A       17%         2
 Dazzling Flash           Conj/Hex       10%        N/A       32%         3
 Portal Projectile        Hex/Tloc       10%        N/A       32%         3
 Stone Arrow              Conj/Erth      10%        3d7       32%         3
 Volatile Blastmotes      Fire/Tloc      10%        2d10      32%         3
 Iskenderun's Mystic Bla  Conj/Tloc      5%         2d3       73%         4
 Leda's Liquefaction      Hex/Erth       2%         N/A       73%         4
 Starburst                Conj/Fire      2%         6d3       100%        6


Dungeon Overview and Level Annotations

Branches:
Dungeon (7/15)             Temple (1/1) D:5

Altars:
Ashenzari
Cheibriados
Dithmenos
Elyvilon
Gozag
Hepliaklqana
Makhleb
Nemelex Xobeh
Okawaru
Sif Muna
Trog
Wu Jian
Xom
Yredelemnul
Zin
The Shining One


Innate Abilities, Weirdness & Mutations

You have sharp toenails.
You are somewhat resistant to further mutation.
You occasionally lose the ability to read scrolls when taking damage.


Message History

Your wolf bites the steam dragon.
The steam dragon breathes steam at you. The ball of steam hits your wolf!!
The ball of steam hits you!!
You feel threatened and lose the ability to read scrolls!
* * * LOW HITPOINT WARNING * * *
Your wolf is engulfed in a cloud of scalding steam.
Your wolf dies!
Your wolf's corpse disappears in a puff of smoke!
Your magical contamination has completely faded away.
The steam dragon breathes steam at you. The ball of steam hits you.
* * * LOW HITPOINT WARNING * * *
Casting: Call Canine Familiar (safe; 1% risk of failure)
Confirm with . or Enter, or press ? or * to list all spells.
You don't know that spell.
Casting: Call Canine Familiar (safe; 1% risk of failure)
Confirm with . or Enter, or press ? or * to list all spells.
An electric hum fills the air.
You can read scrolls again.
Your lightning spire shoots out a bolt of lightning at the steam dragon!
The bolt of electricity hits the steam dragon.
A centaur comes into view.
The centaur wields a +0 shortbow.
The centaur shoots an arrow.
The arrow barely misses you.
Your lightning spire shoots out a bolt of lightning at the steam dragon!
The bolt of electricity hits the steam dragon!
The centaur shoots an arrow.
The arrow hits you.
* * * LOW HITPOINT WARNING * * *
As you read the scroll of teleportation, it crumbles to dust.
You feel strangely unstable.
The steam dragon breathes steam at your lightning spire.
The ball of steam hits your lightning spire but does no damage.
The centaur shoots an arrow.
The arrow hits you!
* * * LOW HITPOINT WARNING * * *
It was a potion of degeneration.
There was something very wrong with that liquid.
You feel weakened.
You feel dopey.
You feel clumsy.
The centaur shoots an arrow.
The arrow hits you!
You feel threatened and lose the ability to read scrolls!
You die...

#.## # #.## #.#
######... #.# #........
######.####.####### #.
.......#.# #####
#.##..#...#.# #....
#...8###..#.# #.##.
##.@..D#.§.#.###.#..
....'...##..............
....##..#####..#........
... #.c# #§.#####.##. .
#..# #§.# #.###
#..#####§§# #.#
##...D§D.## #.#
####.#### #.# #.# #.#


You could see a steam dragon (distracted, ally target), a centaur and a friendly
lightning spire (summoned).

Vanquished Creatures
  A water moccasin (D:5)
  3 scorpions (D:4)
  2 iguanas
  5 adders
  A shadow imp (D:7)
  A white imp (D:6)
  An ufetubus (D:4)
  A worm (D:5)
  3 dart slugs
  2 orcs
  9 endoplasms
  2 giant cockroaches
  6 goblins
  5 hobgoblins
  5 kobolds
  6 quokkas
  2 ball pythons
  5 bats
  3 frilled lizards
  3 rats
66 creatures vanquished.

Vanquished Creatures (collateral kills)
  Edmund (D:6)
  2 ogres (D:5)
  3 scorpions
  3 wights (D:5)
  A howler monkey (D:5)
  An orc priest (D:7)
  2 jellies (D:5)
  2 gnoll boudas
  Crazy Yiuf (D:6)
  4 iguanas
  Ijyb (D:5)
  4 orc wizards
  10 gnolls
  3 adders
  A white imp (D:5)
  A dart slug (D:1)
  13 orcs
  A bat (D:1)
  An endoplasm (D:3)
  A goblin (D:2)
  3 hobgoblins
  4 jackals
  A quokka (D:5)
  3 kobolds
  5 rats
72 creatures vanquished.

Grand Total: 138 creatures vanquished

Notes
Turn   | Place    | Note
-------+----------+-------------------------------------------
     0 | D:1      | ChadusMaximus the Human Summoner began the quest for the
                  | Orb.
     0 | D:1      | Reached XP level 1. HP: 13/13 MP: 3/3
   161 | D:1      | Reached XP level 2. HP: 6/19 MP: 0/5
   411 | D:1      | Reached XP level 3. HP: 21/24 MP: 6/6
  1192 | D:2      | Reached XP level 4. HP: 30/30 MP: 7/7
  1416 | D:2      | Found a glowing silver altar of Zin.
  2019 | D:3      | Learned a level 2 spell: Call Imp
  2023 | D:3      | Learned a level 3 spell: Call Canine Familiar
  2034 | D:3      | Found a snail-covered altar of Cheibriados.
  2115 | D:3      | Reached skill level 5 in Summonings
  2115 | D:3      | Reached XP level 5. HP: 29/35 MP: 1/9
  2532 | D:3      | Found a faded altar of an unknown god.
  2792 | D:4      | Reached XP level 6. HP: 27/41 MP: 9/11
  3131 | D:4      | Reached skill level 6 in Summonings
  3204 | D:4      | Reached XP level 7. HP: 41/46 MP: 12/12
  3938 | D:5      | Entered Level 5 of the Dungeon
  4088 | D:5      | Noticed a water moccasin
  4140 | D:5      | Reached skill level 7 in Summonings
  4182 | D:5      | Killed a water moccasin
  4183 | D:5      | Reached XP level 8. HP: 28/52 MP: 6/15
  4492 | D:5      | HP: 1/52 [acid (6)]
  4496 | D:5      | Gained mutation: You are dopey. (Int -2) [potion of
                  | mutation]
  4496 | D:5      | Gained mutation: You are partially covered in iridescent
                  | scales. (AC +2) [potion of mutation]
  4686 | D:5      | Lost mutation: You are dopey. (Int -2) [potion of mutation]
  4686 | D:5      | Lost mutation: You are partially covered in iridescent
                  | scales. (AC +2) [potion of mutation]
  4686 | D:5      | Gained mutation: You occasionally lose the ability to read
                  | scrolls when taking damage. [potion of mutation]
  4687 | D:5      | Lost mutation: You occasionally lose the ability to read
                  | scrolls when taking damage. [potion of mutation]
  4687 | D:5      | Gained mutation: Armour fits poorly on your strangely
                  | shaped body. [potion of mutation]
  4687 | D:5      | Gained mutation: You are dopey. (Int -2) [potion of
                  | mutation]
  4687 | D:5      | Gained mutation: You are robust. (+10% HP) [potion of
                  | mutation]
  4688 | D:5      | Lost mutation: You are dopey. (Int -2) [potion of mutation]
  4688 | D:5      | Lost mutation: You are robust. (+10% HP) [potion of
                  | mutation]
  4688 | D:5      | Lost mutation: Armour fits poorly on your strangely shaped
                  | body. [potion of mutation]
  4688 | D:5      | Gained mutation: You occasionally lose the ability to read
                  | scrolls when taking damage. [potion of mutation]
  4688 | D:5      | Gained mutation: You have sharp toenails. [potion of
                  | mutation]
  4688 | D:5      | Gained mutation: You are somewhat resistant to further
                  | mutation. [potion of mutation]
  4696 | D:5      | Learned a level 4 spell: Summon Lightning Spire
  4703 | D:5      | Found a staircase to the Ecumenical Temple.
  4703 | D:5      | Noticed Ijyb
  4712 | D:5      | Killed Ijyb
  4713 | D:5      | Reached skill level 8 in Summonings
  4728 | Temple   | Entered the Ecumenical Temple
  4757 | Temple   | Became a worshipper of Sif Muna the Loreminder
  5001 | D:6      | Reached skill level 5 in Spellcasting
  5130 | D:6      | Noticed Edmund
  5335 | D:5      | Found a glowing silver altar of Zin.
  6189 | D:5      | Learned a level 3 spell: Summon Guardian Golem
  6337 | D:5      | Reached skill level 9 in Summonings
  6892 | D:6      | Reached XP level 9. HP: 57/57 MP: 9/17
  6968 | D:6      | Killed Edmund
  7304 | D:6      | Found a runed translucent door.
  7305 | D:6      | Noticed Crazy Yiuf
  7319 | D:6      | Killed Crazy Yiuf
  7807 | D:7      | Shot with an arrow by a centaur

Illustrated notes

Levels and vault maps discovered:
D:1:      amcnicky_arrival_choice, layout_loops_ring, minmay_close_crescents
D:2:      layout_basic, basic_altar, serial_aquarium, aquarium_bridge_square
          [aquarium_subvault_wall, aquarium_subvault_wall,
          aquarium_subvault_wall, aquarium_subvault_bridge],
          aquarium_window_fake, aquarium_window_fake, aquarium_view_2d,
          minmay_tetromino_s4
D:3:      layout_rooms, mainiacjoe_overflow_concentric_impassable,
          shapermc_ecumenical_altar_pompeii
D:4:      layout_basic
D:5:      layout_loops_cross, general_overflow_altar, minmay_temple_entry_tees,
          uniq_ijyb
D:6:      layout_rooms, nicolae_grassy_gnolls, uniq_edmund,
          uniq_crazy_yiuf_cottage
D:7:      layout_loops_corners, fiery_altar_vehumet
Temple:   nicolae_temple_bog_church

Skill      XL: |  1  2  3  4  5  6  7  8  9 |
---------------+----------------------------+-----
Summonings     | 5 6 7 9 |  9.9
Spellcasting   | 3 4 5 6 |  6.1
Dodging        | |  2.3
Stealth        | |  2.3

Action                     |  1- 3 |  4- 6 |  7- 9 || total
---------------------------+-------+-------+-------++-------
  Melee: Unarmed           |     8 |       |       ||     8
         Dagger            |    72 |    87 |       ||   159
         Punch             |     1 |     2 |     1 ||     4
         Mace              |       |    11 |    79 ||    90
         Kick              |       |       |     9 ||     9
   Cast: Summon Small Mamm |    15 |     9 |    64 ||    88
         Call Imp          |       |     7 |    31 ||    38
         Call Canine Famil |       |     6 |    52 ||    58
         Summon Lightning  |       |       |     6 ||     6
    Use: Potion            |       |       |    10 ||    10
         Scroll            |       |       |     4 ||     4
   Stab: Sleeping          |     8 |     2 |       ||    10
         Distracted        |     1 |       |       ||     1
 Armour: Robe              |    31 |    28 |    36 ||    95
         Skin              |       |       |     5 ||     5
  Dodge: Dodged            |    80 |    80 |    77 ||   237
  Block: Other             |    15 |    22 |    27 ||    64
         Reflection        |       |       |     3 ||     3
